Flames vs Canucks

Created - 10 octobre 2017 at 17:29

Goals
1 2 3 T
Flames 2 1 1 4
Canucks 1 0 0 1
Shots
1 2 3 T
Flames 13 16 14 43
Canucks 7 9 8 24

1st period

1. Canucks , Jordan Martinook 1 (Brandon Sutter 1, Pierre-Edouard Bellemare 1) at 3:32
2. Flames , Brad Richardson 1 (Sam Reinhart 2, Dennis Rasmussen 1) at 10:54
3. Flames , Michael Frolik 1 (Jeff Carter 1, Anders Lee 1) at 17:56

Penalties :
Michael Frolik (CAL) for High sticking (Minor) at 3:56, Dan Hamhuis (VAN) for Hooking (Minor) at 12:40

2nd period

4. Flames , Victor Rask 1 (Patrick Eaves 1) at 19:01

Penalties :
Kevin Bieksa (VAN) for Holding (Minor) at 2:26

3rd period

5. Flames , Kevan Miller 1 (Brandon Manning 1, Carey Price) at 8:32

Penalties :
No Penalty

Goalie Stats

Carey Price (CAL), 23 saves from 24 shots - (0,958), W, 1-0-1, 60:00 minutes
Ben Bishop (VAN), 39 saves from 43 shots - (0,907), L, 0-1-0, 60:00 minutes

Players Stats for Flames

Player Name              G  A  P  +/- PIM S  H  SB GA TA FO     MP     PP MP  PK MP  
------------------------------------------------------------------------------------
Anders Lee               0  1  1   2  0   3  4  0  1  0  1/1    20:26   2:19   0:37 
Andrej Sustr             0  0  0   2  0   2  0  2  0  0  0/0    18:33   1:39   1:21 
Brad Richardson          1  0  1   1  0   3  2  0  1  0  2/5    13:22   0:00   0:58 
Brandon Manning          0  1  1  -1  0   0  4  2  0  0  0/0    15:46   0:00   0:00 
David Perron             0  0  0   0  0   3  1  1  1  0  0/0    17:54   1:39   0:58 
David Savard             0  0  0   2  0   1  1  0  0  1  0/0    18:33   1:39   1:21 
Dennis Rasmussen         0  1  1   0  0   1  0  1  0  0  0/0     9:18   0:00   0:46 
Drew Doughty             0  0  0   2  0   3  4  0  0  0  0/0    25:41   2:19   0:38 
Jeff Carter              0  1  1   2  0   7  1  0  1  0  17/27  20:14   2:19   0:00 
Kevan Miller             1  0  1  -1  0   2  0  0  1  0  0/0    16:41   0:00   0:38 
Michael Frolik           1  0  1   2  2   5  0  1  1  0  1/2    17:45   0:00   0:00 
Nick Bjugstad            0  0  0   0  0   2  1  0  0  0  0/0     8:32   0:00   0:00 
Patrick Eaves            0  1  1   0  0   2  2  0  1  2  0/0    17:06   1:39   0:15 
Patrick Sharp            0  0  0   1  0   2  1  0  0  0  0/1    12:44   0:00   0:00 
Sam Reinhart             0  1  1   1  0   2  0  0  0  0  0/1    14:52   2:19   0:00 
Tanner Kero              0  0  0   0  0   0  0  0  2  0  2/3     8:56   0:00   0:24 
Victor Hedman            0  0  0   2  0   1  2  0  0  0  0/0    24:46   2:19   0:00 
Victor Rask              1  0  1   0  0   4  0  0  0  0  7/15   16:51   1:39   0:00 

Players Stats for Canucks

Player Name              G  A  P  +/- PIM S  H  SB GA TA FO     MP     PP MP  PK MP  
------------------------------------------------------------------------------------
Alex Petrovic            0  0  0   0  0   0  0  2  0  0  0/0     9:54   0:00   2:36 
Blake Wheeler            0  0  0  -2  0   3  0  1  1  0  0/0    23:44   1:08   0:32 
Brandon Sutter           0  1  1  -2  0   4  1  1  1  0  9/14   19:22   0:00   2:21 
Dan Hamhuis              0  0  0  -1  2   0  0  0  1  2  0/0    19:37   0:00   0:44 
Derek Ryan               0  0  0   0  0   0  1  0  0  0  0/3     7:48   0:51   0:00 
Erik Johnson             0  0  0   0  0   0  1  2  0  1  0/0    22:47   0:48   0:38 
Gustav Nyquist           0  0  0   0  0   3  1  0  0  0  2/4    17:24   0:51   0:00 
James van Riemsdyk       0  0  0   0  0   0  1  1  0  0  1/1     5:19   1:08   0:00 
Johnny Oduya             0  0  0  -1  0   0  1  2  0  3  0/0    16:43   0:00   1:22 
Jordan Martinook         1  0  1  -1  0   3  1  0  0  0  0/1    18:20   0:00   2:21 
Kevin Bieksa             0  0  0  -2  2   0  1  4  0  0  0/0    14:53   0:48   0:00 
Matt Calvert             0  0  0  -1  0   0  3  1  0  2  1/9    19:26   0:51   0:00 
Mika Zibanejad           0  0  0   0  0   2  0  1  0  0  4/10   12:33   1:08   0:00 
Oscar Klefbom            0  0  0   0  0   1  0  0  0  0  0/0    21:18   1:11   0:00 
Pierre-Edouard Bellemare 0  1  1  -1  0   3  0  0  0  0  1/1    21:40   0:00   1:30 
Ryan Getzlaf             0  0  0  -1  0   3  3  0  0  0  7/12   18:41   1:11   1:12 
Thomas Hickey            0  0  0  -2  0   2  0  4  0  1  0/0    17:14   0:00   2:36 
Tom Pyatt                0  0  0  -1  0   0  0  1  0  0  0/0     9:17   0:00   0:00 

3 Stars

1 - Anders Lee (CAL)
2 - Brad Richardson (CAL)
3 - Carey Price (CAL)

Power Play

Flames - 0 on 2 Attempt(s) - 0,00%
Canucks - 0 on 1 Attempt(s) - 0,00%

Penalty Kill

Flames - 1 on 1 Attempt(s) - 100,00% - Score 0 goal in Penalty Kill
Canucks - 2 on 2 Attempt(s) - 100,00% - Score 0 goal in Penalty Kill

Team Stat

Flames - Hits : 23 - Faceoff Wins : 30 - Blocked Shots : 7 - Penalty Minutes : 2
Canucks - Hits : 14 - Faceoff Wins : 25 - Blocked Shots : 20 - Penalty Minutes : 4

Official

Referees : Dan O'Rourke and Jon Mclsaac
Linesman : Bryan Pancich and Brad Lazarowich

Game Notes

17:56 of 1st period - Flames goal is going for a video replay. After video review, Goal.
James van Riemsdyk is injured at 18:29 of 1st period (Lower Body)
Mika Zibanejad is injured at 19:43 of 2nd period (Right Knee)

Finance

Level 1 -- Attendance: 5316 (88,60%) -- Ticket Income 505 020 $
Level 2 -- Attendance: 4926 (98,52%) -- Ticket Income 270 930 $
Level 3 -- Attendance: 2000 (100,00%) -- Ticket Income 60 000 $
Level 4 -- Attendance: 4000 (100,00%) -- Ticket Income 80 000 $
Luxury Box -- Attendance: 985 (98,50%) -- Ticket Income 172 375 $
Game was played at the Green men Ice Stadium.
Total Attendance: 17227 (95,71%)
Total Ticket Income: 1 088 325 $
Other Income: 533 279 $
Total Income: 1 621 604 $

Flames

5 vs 5 Forward 
   Center                   Left Wing                Right Wing               Time % Phy DF OF 
 1 Jeff Carter              Anders Lee               Michael Frolik           35     0   1  4  
 2 Victor Rask              Patrick Eaves            David Perron             31     0   2  3  
 3 Brad Richardson          Patrick Sharp            Sam Reinhart             27     0   2  3  
 4 Tanner Kero              Dennis Rasmussen         Nick Bjugstad            7      1   3  1  

5 vs 5 Defense 
   Defense                  Defense                                           Time % Phy DF OF 
 1 Drew Doughty             Victor Hedman                                     38     0   3  2  
 2 David Savard             Andrej Sustr                                      30     0   3  2  
 3 Kevan Miller             Brandon Manning                                   27     0   4  1  
 4 Drew Doughty             Victor Hedman                                     5      0   2  3  

PowerPlay Forward 
   Center                   Left Wing                Right Wing               Time % Phy DF OF 
 1 Jeff Carter              Anders Lee               Sam Reinhart             60     0   0  5  
 2 Victor Rask              Patrick Eaves            David Perron             40     0   0  5  

PowerPlay Defense
   Defense                  Defense                                           Time % Phy DF OF 
 1 Victor Hedman            Drew Doughty                                      65     0   1  4  
 2 Andrej Sustr             David Savard                                      35     0   1  4  

Penalty Kill 4 Players Forward 
   Center                   Wing                     Time % Phy DF OF 
 1 Brad Richardson          Michael Frolik           60     0   4  1  
 2 Tanner Kero              Dennis Rasmussen         40     0   4  1  

Penalty Kill 4 Players Defense
   Defense                  Defense                  Time % Phy DF OF 
 1 David Savard             Andrej Sustr             60     1   4  0  
 2 Kevan Miller             Drew Doughty             40     1   4  0  

Penalty Kill - 3 Players Forward 
   Forward                                           Time % Phy DF OF 
 1 Brad Richardson                                   60     0   5  0  
 2 Michael Frolik                                    40     0   5  0  

Penalty Kill - 3 Players Defense
   Defense                  Defense                  Time % Phy DF OF 
 1 Andrej Sustr             David Savard             60     0   5  0  
 2 Drew Doughty             Kevan Miller             40     0   5  0  

4 vs 4 Forward 
   Center                   Wing                     Time % Phy DF OF 
 1 Jeff Carter              Anders Lee               60     0   1  4  
 2 Victor Rask              Michael Frolik           40     0   1  4  

4 vs 4 Defense
   Defense                  Defense                  Time % Phy DF OF 
 1 Drew Doughty             Victor Hedman            60     0   3  2  
 2 Andrej Sustr             David Savard             40     0   3  2  

Last Minutes Offensive
   Center                   Left Wing                Right Wing               Defense                  Defense                  
   Jeff Carter              Anders Lee               Patrick Eaves            Drew Doughty             Victor Hedman            

Last Minutes Defensive
   Center                   Left Wing                Right Wing               Defense                  Defense                  
   Brad Richardson          Tanner Kero              Michael Frolik           Andrej Sustr             David Savard             

Goaltenders
Starting : Carey Price              
Backup : Curtis McElhinney        

Extra Forwards
Normal : Jeff Carter, Anders Lee, Michael Frolik - PP : Patrick Eaves, Michael Frolik - PK : David Perron
Extra Defensemen
Normal : Drew Doughty, David Savard, Victor Hedman - PP : Andrej Sustr - PK : Brandon Manning, Victor Hedman
Penalty Shots
Nick Bjugstad, Sam Reinhart, Patrick Eaves, David Perron, Jeff Carter
Custom OT Lines Forwards
Jeff Carter, Anders Lee, Sam Reinhart, Michael Frolik, Victor Rask, David Perron, Patrick Eaves, Brad Richardson, Patrick Sharp, Nick Bjugstad
Custom OT Lines Defensemen
Drew Doughty, Victor Hedman, David Savard, Andrej Sustr, Kevan Miller

Scratches
Jori Lehtera (Healthy), Pavel Zacha (Healthy)

Canucks

5 vs 5 Forward 
   Center                   Left Wing                Right Wing               Time % Phy DF OF 
 1 Ryan Getzlaf             James van Riemsdyk       Matt Calvert             35     1   0  4  
 2 Mika Zibanejad           Blake Wheeler            Gustav Nyquist           35     1   0  4  
 3 Brandon Sutter           Jordan Martinook         Pierre-Edouard Bellemare 24     1   4  0  
 4 Derek Ryan               Blake Wheeler            Tom Pyatt                6      1   2  2  

5 vs 5 Defense 
   Defense                  Defense                                           Time % Phy DF OF 
 1 Erik Johnson             Oscar Klefbom                                     40     1   2  2  
 2 Dan Hamhuis              Johnny Oduya                                      30     1   2  2  
 3 Kevin Bieksa             Thomas Hickey                                     20     1   2  2  
 4 Dan Hamhuis              Alex Petrovic                                     10     1   2  2  

PowerPlay Forward 
   Center                   Left Wing                Right Wing               Time % Phy DF OF 
 1 Mika Zibanejad           James van Riemsdyk       Blake Wheeler            60     1   0  4  
 2 Derek Ryan               Gustav Nyquist           Matt Calvert             40     1   0  4  

PowerPlay Defense
   Defense                  Defense                                           Time % Phy DF OF 
 1 Ryan Getzlaf             Oscar Klefbom                                     60     1   0  4  
 2 Erik Johnson             Kevin Bieksa                                      40     1   0  4  

Penalty Kill 4 Players Forward 
   Center                   Wing                     Time % Phy DF OF 
 1 Brandon Sutter           Jordan Martinook         70     1   4  0  
 2 Pierre-Edouard Bellemare Tom Pyatt                30     1   4  0  

Penalty Kill 4 Players Defense
   Defense                  Defense                  Time % Phy DF OF 
 1 Thomas Hickey            Alex Petrovic            70     1   4  0  
 2 Dan Hamhuis              Johnny Oduya             30     1   4  0  

Penalty Kill - 3 Players Forward 
   Forward                                           Time % Phy DF OF 
 1 Pierre-Edouard Bellemare                          50     1   4  0  
 2 Brandon Sutter                                    50     1   4  0  

Penalty Kill - 3 Players Defense
   Defense                  Defense                  Time % Phy DF OF 
 1 Thomas Hickey            Alex Petrovic            50     1   4  0  
 2 Dan Hamhuis              Johnny Oduya             50     1   4  0  

4 vs 4 Forward 
   Center                   Wing                     Time % Phy DF OF 
 1 Mika Zibanejad           Gustav Nyquist           50     1   2  2  
 2 Ryan Getzlaf             James van Riemsdyk       50     1   2  2  

4 vs 4 Defense
   Defense                  Defense                  Time % Phy DF OF 
 1 Erik Johnson             Oscar Klefbom            50     1   2  2  
 2 Johnny Oduya             Dan Hamhuis              50     1   2  2  

Last Minutes Offensive
   Center                   Left Wing                Right Wing               Defense                  Defense                  
   Ryan Getzlaf             Gustav Nyquist           Mika Zibanejad           Erik Johnson             Oscar Klefbom            

Last Minutes Defensive
   Center                   Left Wing                Right Wing               Defense                  Defense                  
   Ryan Getzlaf             Jordan Martinook         Brandon Sutter           Erik Johnson             Johnny Oduya             

Goaltenders
Starting : Ben Bishop               
Backup : Peter Budaj              

Extra Forwards
Normal : Mika Zibanejad, Matt Calvert, Pierre-Edouard Bellemare - PP : Jordan Martinook, Tom Pyatt - PK : Ryan Getzlaf
Extra Defensemen
Normal : Thomas Hickey, Johnny Oduya, Kevin Bieksa - PP : Alex Petrovic - PK : Erik Johnson, Oscar Klefbom
Penalty Shots
Mika Zibanejad, Thomas Hickey, Brandon Sutter, Ryan Getzlaf, Gustav Nyquist
Custom OT Lines Forwards
Ryan Getzlaf, James van Riemsdyk, Mika Zibanejad, Gustav Nyquist, Tom Pyatt, Brandon Sutter, Jordan Martinook, Matt Calvert, Derek Ryan, Pierre-Edouard Bellemare
Custom OT Lines Defensemen
Oscar Klefbom, Erik Johnson, Dan Hamhuis, Kevin Bieksa, Thomas Hickey

Scratches
Eric Gryba (Healthy)

% Time on Ice - Flames

Lines # - Real PCT - Wanted PCT - Time Play
Normal Forward
1 - 33% - 35% - 17:35
2 - 28% - 31% - 15:12
3 - 24% - 27% - 12:44
4 - 16% - 7% - 8:32
Normal Defense
1 - 38% - 38% - 20:21
2 - 29% - 30% - 15:50
3 - 29% - 27% - 15:46
4 - 4% - 5% - 2:06
PP Forward
1 - 58% - 60% - 2:19
2 - 42% - 40% - 1:39
PP Defense
1 - 58% - 65% - 2:19
2 - 42% - 35% - 1:39
PK Forward
1 - 80% - 60% - 1:35
2 - 20% - 40% - 0:24
PK Defense
1 - 68% - 60% - 1:21
2 - 32% - 40% - 0:38
PK3 Forward
1 - 0% - 60%
2 - 0% - 40%
PK3 Defense
1 - 0% - 60%
2 - 0% - 40%
44 Forward
1 - 0% - 60%
2 - 0% - 40%
44 Defense
1 - 0% - 60%
2 - 0% - 40%
Last Minute Offensive  - 0:00
Last Minute Defensive  - 0:00
Total
Forward - 60:00
Defense - 60:00

% Time on Ice - Canucks

Lines # - Real PCT - Wanted PCT - Time Play
Normal Forward
1 - 32% - 35% - 17:24
2 - 32% - 35% - 17:16
3 - 26% - 24% - 14:03
4 - 10% - 6% - 5:20
Normal Defense
1 - 40% - 40% - 21:37
2 - 29% - 30% - 15:34
3 - 24% - 20% - 13:08
4 - 7% - 10% - 3:44
PP Forward
1 - 57% - 60% - 1:08
2 - 43% - 40% - 0:51
PP Defense
1 - 60% - 60% - 1:11
2 - 40% - 40% - 0:48
PK Forward
1 - 100% - 70% - 3:58
2 - 0% - 30% - 0:00
PK Defense
1 - 66% - 70% - 2:36
2 - 34% - 30% - 1:22
PK3 Forward
1 - 0% - 50%
2 - 0% - 50%
PK3 Defense
1 - 0% - 50%
2 - 0% - 50%
44 Forward
1 - 0% - 50%
2 - 0% - 50%
44 Defense
1 - 0% - 50%
2 - 0% - 50%
Last Minute Offensive  - 0:00
Last Minute Defensive  - 0:00
Total
Forward - 60:00
Defense - 60:00

Play by Play

1st period


0:01 of 1st period - Ryan Getzlaf wins face-off versus Jeff Carter in neutral zone.
0:26 of 1st period - Wrist shot by Brandon Sutter.
0:26 of 1st period - Shot Misses the Net.
1:24 of 1st period - Kevin Bieksa is hit by Victor Hedman and loses puck.
1:29 of 1st period - Slapshot by Victor Hedman.
1:29 of 1st period - Shot Blocked by Tom Pyatt.
1:31 of 1st period - Wrist shot by Drew Doughty.
1:31 of 1st period - Shot Blocked by Thomas Hickey.
1:33 of 1st period - Snap shot by Tanner Kero.
1:33 of 1st period - Shot Blocked by Kevin Bieksa.
1:35 of 1st period - Wrist shot by Nick Bjugstad.
1:35 of 1st period - Shot Blocked by Blake Wheeler.
1:45 of 1st period - Slapshot by Sam Reinhart.
1:45 of 1st period - Shot Blocked by Kevin Bieksa.
1:47 of 1st period - Wrist shot by Brad Richardson.
1:47 of 1st period - Shot Blocked by Thomas Hickey.
1:49 of 1st period - Slapshot by Brad Richardson.
1:49 of 1st period - Stopped by Ben Bishop with a rebound.
2:08 of 1st period - Wrist shot by Brandon Sutter.
2:08 of 1st period - Stopped by Carey Price without a rebound.
2:09 of 1st period - Jeff Carter wins face-off versus Ryan Getzlaf in Flames zone.
3:18 of 1st period - Wrist shot by Jordan Martinook.
3:18 of 1st period - Stopped by Carey Price with a rebound.
3:30 of 1st period - Wrist shot by Brandon Sutter.
3:30 of 1st period - Shot Blocked by David Perron.
3:32 of 1st period - Snap shot by Jordan Martinook.
3:32 of 1st period - Goal by Jordan Martinook - Flames : 0 - Canucks : 1.
3:33 of 1st period - Mika Zibanejad wins face-off versus Jeff Carter in neutral zone.
3:48 of 1st period - Snap shot by Mika Zibanejad.
3:48 of 1st period - Shot Blocked by Michael Frolik.
3:50 of 1st period - Slapshot by Johnny Oduya.
3:50 of 1st period - Shot Blocked by Andrej Sustr.
3:56 of 1st period - Minor Penalty to Michael Frolik for High sticking.
3:57 of 1st period - Brad Richardson wins face-off versus Mika Zibanejad in Flames zone.
4:56 of 1st period - Ryan Getzlaf is hit by Anders Lee and loses puck.
5:56 of 1st period - Penalty to Michael Frolik is over, Michael Frolik is back on ice.
6:21 of 1st period - Snap shot by Jeff Carter.
6:21 of 1st period - Stopped by Ben Bishop with a rebound.
6:56 of 1st period - Wrist shot by Patrick Eaves.
6:56 of 1st period - Shot Blocked by Brandon Sutter.
7:58 of 1st period - Pierre-Edouard Bellemare is hit by Anders Lee and loses puck.
8:08 of 1st period - Icing by Blake Wheeler.
8:09 of 1st period - Tanner Kero wins face-off versus Mika Zibanejad in Canucks zone.
8:36 of 1st period - Kevin Bieksa is hit by Drew Doughty and loses puck.
8:43 of 1st period - Slapshot by Thomas Hickey.
8:43 of 1st period - Shot Misses the Net.
8:57 of 1st period - Slapshot by Patrick Sharp.
8:57 of 1st period - Shot Misses the Net.
9:01 of 1st period - Snap shot by Patrick Sharp.
9:01 of 1st period - Stopped by Ben Bishop with a rebound.
9:03 of 1st period - Backhand shot by Brad Richardson.
9:03 of 1st period - Deflect By Sam Reinhart.
9:03 of 1st period - Shot Misses the Net.
9:03 of 1st period - Puck is out of play.
9:04 of 1st period - James van Riemsdyk wins face-off versus Victor Rask in Canucks zone.
9:44 of 1st period - James van Riemsdyk is hit by Patrick Sharp and loses puck.
10:01 of 1st period - Wrist shot by Mika Zibanejad.
10:01 of 1st period - Stopped by Carey Price with a rebound.
10:52 of 1st period - Backhand shot by Sam Reinhart.
10:52 of 1st period - Shot Misses the Net.
10:54 of 1st period - Wrist shot by Brad Richardson.
10:54 of 1st period - Goal by Brad Richardson - Flames : 1 - Canucks : 1.
10:55 of 1st period - Mika Zibanejad wins face-off versus Jeff Carter in neutral zone.
11:08 of 1st period - Wrist shot by Gustav Nyquist.
11:08 of 1st period - Stopped by Carey Price without a rebound.
11:09 of 1st period - Victor Rask wins face-off versus Gustav Nyquist in Flames zone.
11:09 of 1st period - Victor Rask is hit by Erik Johnson.
11:23 of 1st period - Snap shot by Patrick Eaves.
11:23 of 1st period - Stopped by Ben Bishop with a rebound.
11:25 of 1st period - Slapshot by David Savard.
11:25 of 1st period - Deflect By Patrick Eaves.
11:25 of 1st period - Shot Misses the Net.
11:25 of 1st period - Puck is out of play.
11:26 of 1st period - Ryan Getzlaf wins face-off versus Michael Frolik in Canucks zone.
11:33 of 1st period - Michael Frolik is hit by James van Riemsdyk and loses puck.
12:15 of 1st period - Wrist shot by Brandon Sutter.
12:15 of 1st period - Shot Misses the Net.
12:33 of 1st period - Snap shot by Sam Reinhart.
12:33 of 1st period - Shot Blocked by Matt Calvert.
12:35 of 1st period - Slapshot by Drew Doughty.
12:35 of 1st period - Stopped by Ben Bishop with a rebound.
12:37 of 1st period - Wrist shot by Dennis Rasmussen.
12:37 of 1st period - Stopped by Ben Bishop without a rebound.
12:38 of 1st period - Gustav Nyquist wins face-off versus Tanner Kero in Canucks zone.
12:40 of 1st period - Minor Penalty to Dan Hamhuis for Hooking.
12:41 of 1st period - Jeff Carter wins face-off versus Brandon Sutter in Canucks zone.
12:49 of 1st period - Snap shot by Jeff Carter.
12:49 of 1st period - Shot Misses the Net.
12:51 of 1st period - Slapshot by David Savard.
12:51 of 1st period - Deflect By Jeff Carter.
12:51 of 1st period - Stopped by Ben Bishop without a rebound.
12:52 of 1st period - Jeff Carter wins face-off versus Brandon Sutter in Canucks zone.
12:53 of 1st period - Slapshot by Sam Reinhart.
12:53 of 1st period - Stopped by Ben Bishop without a rebound.
12:54 of 1st period - Jeff Carter wins face-off versus Brandon Sutter in Canucks zone.
14:40 of 1st period - Penalty to Dan Hamhuis is over, Dan Hamhuis is back on ice.
14:59 of 1st period - Dan Hamhuis is hit by Nick Bjugstad and loses puck.
15:22 of 1st period - Snap shot by Blake Wheeler.
15:22 of 1st period - Stopped by Carey Price with a rebound.
15:24 of 1st period - Snap shot by James van Riemsdyk.
15:24 of 1st period - Shot Blocked by Andrej Sustr.
15:26 of 1st period - Slapshot by Alex Petrovic.
15:26 of 1st period - Shot Misses the Net.
15:28 of 1st period - Slapshot by Thomas Hickey.
15:28 of 1st period - Shot Misses the Net.
15:30 of 1st period - Slapshot by Alex Petrovic.
15:30 of 1st period - Deflect By Matt Calvert.
15:30 of 1st period - Shot Misses the Net.
15:30 of 1st period - Puck is out of play.
15:31 of 1st period - Brandon Sutter wins face-off versus Victor Rask in Flames zone.
15:40 of 1st period - Snap shot by Brandon Sutter.
15:40 of 1st period - Shot Misses the Net.
15:42 of 1st period - Snap shot by Brandon Sutter.
15:42 of 1st period - Shot Misses the Net.
16:04 of 1st period - Slapshot by Jeff Carter.
16:04 of 1st period - Stopped by Ben Bishop with a rebound.
16:06 of 1st period - Snap shot by Michael Frolik.
16:06 of 1st period - Shot Misses the Net.
16:08 of 1st period - Snap shot by Jeff Carter.
16:08 of 1st period - Shot Blocked by James van Riemsdyk.
16:34 of 1st period - Snap shot by Sam Reinhart.
16:34 of 1st period - Shot Misses the Net.
17:28 of 1st period - Snap shot by Sam Reinhart.
17:28 of 1st period - Deflect By Brad Richardson.
17:28 of 1st period - Stopped by Ben Bishop with a rebound.
17:48 of 1st period - Slapshot by Dennis Rasmussen.
17:48 of 1st period - Deflect By Brandon Sutter.
17:48 of 1st period - Shot Blocked by Kevin Bieksa.
17:48 of 1st period - Puck is out of play.
17:49 of 1st period - Jeff Carter wins face-off versus Jordan Martinook in Canucks zone.
17:50 of 1st period - Wrist shot by Anders Lee.
17:50 of 1st period - Shot Blocked by Johnny Oduya.
17:52 of 1st period - Snap shot by Jeff Carter.
17:52 of 1st period - Shot Misses the Net.
17:54 of 1st period - Slapshot by Jeff Carter.
17:54 of 1st period - Shot Misses the Net.
17:56 of 1st period - Slapshot by Michael Frolik.
17:56 of 1st period - Flames goal is going for a video replay.
17:56 of 1st period - The goal is good.
17:56 of 1st period - Goal by Michael Frolik - Flames : 2 - Canucks : 1.
17:57 of 1st period - Jeff Carter wins face-off versus Mika Zibanejad in neutral zone.
18:00 of 1st period - Johnny Oduya is hit by Anders Lee and loses puck.
18:28 of 1st period - James van Riemsdyk is hit by Drew Doughty and loses puck.
18:29 of 1st period - James van Riemsdyk from Canucks is injured at 18:29 of 1st period (Lower Body).
18:30 of 1st period - Jeff Carter wins face-off versus Mika Zibanejad in Canucks zone.
18:41 of 1st period - Slapshot by Michael Frolik.
18:41 of 1st period - Stopped by Ben Bishop without a rebound.
18:42 of 1st period - Mika Zibanejad wins face-off versus Jeff Carter in Canucks zone.
18:47 of 1st period - Snap shot by Mika Zibanejad.
18:47 of 1st period - Shot Misses the Net.
19:38 of 1st period - Slapshot by Blake Wheeler.
19:38 of 1st period - Stopped by Carey Price with a rebound.
19:56 of 1st period - Snap shot by Sam Reinhart.
19:56 of 1st period - Deflect By Patrick Sharp.
19:56 of 1st period - Shot Blocked by Johnny Oduya.
19:56 of 1st period - Puck is out of play.
19:57 of 1st period - Jeff Carter wins face-off versus Ryan Getzlaf in Canucks zone.
Goals for this period are 2 for Flames vs 1 for Canucks.
Shots for this period are 13 for Flames vs 7 for Canucks.

2nd period


0:01 of 2nd period - Mika Zibanejad wins face-off versus Jeff Carter in neutral zone.
0:30 of 2nd period - Snap shot by David Perron.
0:30 of 2nd period - Stopped by Ben Bishop with a rebound.
0:32 of 2nd period - Snap shot by David Perron.
0:32 of 2nd period - Deflect By Ryan Getzlaf.
0:32 of 2nd period - Stopped by Ben Bishop with a rebound.
0:50 of 2nd period - Slapshot by Pierre-Edouard Bellemare.
0:50 of 2nd period - Stopped by Carey Price without a rebound.
0:51 of 2nd period - Brandon Sutter wins face-off versus Jeff Carter in Flames zone.
1:02 of 2nd period - Wrist shot by Jeff Carter.
1:02 of 2nd period - Shot Misses the Net.
1:04 of 2nd period - Wrist shot by Jeff Carter.
1:04 of 2nd period - Stopped by Ben Bishop with a rebound.
1:06 of 2nd period - Wrist shot by Michael Frolik.
1:06 of 2nd period - Deflect By Jeff Carter.
1:06 of 2nd period - Stopped by Ben Bishop with a rebound.
2:00 of 2nd period - Snap shot by Victor Hedman.
2:00 of 2nd period - Shot Misses the Net.
2:14 of 2nd period - Jeff Carter is hit by Ryan Getzlaf and loses puck.
2:26 of 2nd period - Minor Penalty to Kevin Bieksa for Holding.
2:27 of 2nd period - Brandon Sutter wins face-off versus Sam Reinhart in Canucks zone.
3:10 of 2nd period - Wrist shot by Pierre-Edouard Bellemare.
3:10 of 2nd period - Stopped by Carey Price with a rebound.
3:12 of 2nd period - Wrist shot by Dan Hamhuis.
3:12 of 2nd period - Deflect By Ryan Getzlaf.
3:12 of 2nd period - Shot Misses the Net.
3:12 of 2nd period - Puck is out of play.
3:13 of 2nd period - Brandon Sutter wins face-off versus Victor Rask in Flames zone.
4:26 of 2nd period - Penalty to Kevin Bieksa is over, Kevin Bieksa is back on ice.
4:30 of 2nd period - Slapshot by Blake Wheeler.
4:30 of 2nd period - Shot Blocked by Dennis Rasmussen.
5:04 of 2nd period - Wrist shot by Ryan Getzlaf.
5:04 of 2nd period - Stopped by Carey Price without a rebound.
5:05 of 2nd period - Victor Rask wins face-off versus Derek Ryan in Flames zone.
5:09 of 2nd period - Icing by Patrick Eaves.
5:10 of 2nd period - Victor Rask wins face-off versus Derek Ryan in Flames zone.
5:20 of 2nd period - Off-side.
5:21 of 2nd period - Jeff Carter wins face-off versus Mika Zibanejad in neutral zone.
5:38 of 2nd period - Snap shot by Mika Zibanejad.
5:38 of 2nd period - Shot Hit the Post.
5:59 of 2nd period - Snap shot by Sam Reinhart.
5:59 of 2nd period - Stopped by Ben Bishop without a rebound.
6:00 of 2nd period - Victor Rask wins face-off versus Ryan Getzlaf in Canucks zone.
6:07 of 2nd period - Slapshot by David Perron.
6:07 of 2nd period - Stopped by Ben Bishop with a rebound.
6:09 of 2nd period - Backhand shot by Andrej Sustr.
6:09 of 2nd period - Shot Misses the Net.
6:11 of 2nd period - Slapshot by Andrej Sustr.
6:11 of 2nd period - Stopped by Ben Bishop without a rebound.
6:12 of 2nd period - Jeff Carter wins face-off versus Mika Zibanejad in Canucks zone.
6:25 of 2nd period - Wrist shot by Anders Lee.
6:25 of 2nd period - Shot Blocked by Kevin Bieksa.
6:56 of 2nd period - Erik Johnson is hit by David Perron and loses puck.
8:07 of 2nd period - Wrist shot by Patrick Sharp.
8:07 of 2nd period - Shot Misses the Net.
8:09 of 2nd period - Backhand shot by Kevan Miller.
8:09 of 2nd period - Stopped by Ben Bishop without a rebound.
8:10 of 2nd period - Victor Rask wins face-off versus Ryan Getzlaf in Canucks zone.
8:11 of 2nd period - Wrist shot by Patrick Eaves.
8:11 of 2nd period - Shot Misses the Net.
8:13 of 2nd period - Wrist shot by Victor Rask.
8:13 of 2nd period - Stopped by Ben Bishop without a rebound.
8:14 of 2nd period - Ryan Getzlaf wins face-off versus Victor Rask in Canucks zone.
8:14 of 2nd period - Ryan Getzlaf is hit by Brandon Manning.
8:20 of 2nd period - Brandon Manning is hit by Ryan Getzlaf and loses puck.
8:39 of 2nd period - Pierre-Edouard Bellemare is hit by Brandon Manning and loses puck.
8:50 of 2nd period - Snap shot by Michael Frolik.
8:50 of 2nd period - Stopped by Ben Bishop without a rebound.
8:51 of 2nd period - Gustav Nyquist wins face-off versus Brad Richardson in Canucks zone.
8:58 of 2nd period - Wrist shot by Blake Wheeler.
8:58 of 2nd period - Shot Misses the Net.
9:00 of 2nd period - Wrist shot by Gustav Nyquist.
9:00 of 2nd period - Stopped by Carey Price with a rebound.
9:22 of 2nd period - Wrist shot by Matt Calvert.
9:22 of 2nd period - Shot Misses the Net.
9:44 of 2nd period - Snap shot by Derek Ryan.
9:44 of 2nd period - Shot Misses the Net.
9:46 of 2nd period - Slapshot by Erik Johnson.
9:46 of 2nd period - Shot Misses the Net.
9:48 of 2nd period - Snap shot by Derek Ryan.
9:48 of 2nd period - Shot Misses the Net.
10:24 of 2nd period - Wrist shot by Gustav Nyquist.
10:24 of 2nd period - Stopped by Carey Price with a rebound.
10:36 of 2nd period - Wrist shot by Ryan Getzlaf.
10:36 of 2nd period - Stopped by Carey Price with a rebound.
10:40 of 2nd period - Slapshot by Mika Zibanejad.
10:40 of 2nd period - Stopped by Carey Price without a rebound.
10:41 of 2nd period - Ryan Getzlaf wins face-off versus Jeff Carter in Flames zone.
10:54 of 2nd period - Andrej Sustr is hit by Matt Calvert and loses puck.
11:05 of 2nd period - Victor Rask is hit by Kevin Bieksa and loses puck.
11:10 of 2nd period - Wrist shot by Blake Wheeler.
11:10 of 2nd period - Shot Misses the Net.
11:29 of 2nd period - Icing by Andrej Sustr.
11:30 of 2nd period - Brandon Sutter wins face-off versus Brad Richardson in Flames zone.
12:26 of 2nd period - Slapshot by Victor Hedman.
12:26 of 2nd period - Stopped by Ben Bishop with a rebound.
12:40 of 2nd period - Snap shot by Sam Reinhart.
12:40 of 2nd period - Shot Hit the Post.
13:10 of 2nd period - Snap shot by Ryan Getzlaf.
13:10 of 2nd period - Stopped by Carey Price without a rebound.
13:11 of 2nd period - Jeff Carter wins face-off versus Brandon Sutter in Flames zone.
16:27 of 2nd period - Slapshot by Patrick Eaves.
16:27 of 2nd period - Shot Misses the Net.
16:39 of 2nd period - Gustav Nyquist is hit by Brandon Manning and loses puck.
16:48 of 2nd period - Wrist shot by Patrick Sharp.
16:48 of 2nd period - Stopped by Ben Bishop with a rebound.
17:04 of 2nd period - Slapshot by Drew Doughty.
17:04 of 2nd period - Shot Blocked by Thomas Hickey.
17:10 of 2nd period - Slapshot by Drew Doughty.
17:10 of 2nd period - Shot Blocked by Thomas Hickey.
17:45 of 2nd period - Snap shot by Anders Lee.
17:45 of 2nd period - Shot Misses the Net.
17:47 of 2nd period - Slapshot by Anders Lee.
17:47 of 2nd period - Stopped by Ben Bishop without a rebound.
17:48 of 2nd period - Ryan Getzlaf wins face-off versus Victor Rask in Canucks zone.
18:13 of 2nd period - Oscar Klefbom is hit by Anders Lee and loses puck.
18:51 of 2nd period - Icing by Thomas Hickey.
18:52 of 2nd period - Ryan Getzlaf wins face-off versus Victor Rask in Canucks zone.
19:01 of 2nd period - Backhand shot by Victor Rask.
19:01 of 2nd period - Goal by Victor Rask - Flames : 3 - Canucks : 1.
19:02 of 2nd period - Anders Lee wins face-off versus Gustav Nyquist in neutral zone.
19:13 of 2nd period - Wrist shot by Blake Wheeler.
19:13 of 2nd period - Shot Misses the Net.
19:33 of 2nd period - Slapshot by Drew Doughty.
19:33 of 2nd period - Deflect By Oscar Klefbom.
19:33 of 2nd period - Stopped by Ben Bishop with a rebound.
19:35 of 2nd period - Slapshot by Drew Doughty.
19:35 of 2nd period - Shot Misses the Net.
19:37 of 2nd period - Snap shot by David Perron.
19:37 of 2nd period - Shot Misses the Net.
19:43 of 2nd period - Snap shot by Victor Rask.
19:43 of 2nd period - Shot Blocked by Mika Zibanejad.
19:43 of 2nd period - Mika Zibanejad from Canucks is injured at 19:43 of 2nd period (Right Knee).
19:44 of 2nd period - Jeff Carter wins face-off versus Matt Calvert in Canucks zone.
19:49 of 2nd period - Snap shot by Jeff Carter.
19:49 of 2nd period - Stopped by Ben Bishop with a rebound.
19:59 of 2nd period - Snap shot by Blake Wheeler.
19:59 of 2nd period - Stopped by Carey Price with a rebound.
Goals for this period are 1 for Flames vs 0 for Canucks.
Shots for this period are 16 for Flames vs 9 for Canucks.

3rd period


0:01 of 3rd period - Jeff Carter wins face-off versus Matt Calvert in neutral zone.
0:25 of 3rd period - Johnny Oduya is hit by Drew Doughty and loses puck.
4:08 of 3rd period - Snap shot by Jeff Carter.
4:08 of 3rd period - Stopped by Ben Bishop with a rebound.
4:10 of 3rd period - Snap shot by Michael Frolik.
4:10 of 3rd period - Stopped by Ben Bishop with a rebound.
4:12 of 3rd period - Wrist shot by David Savard.
4:12 of 3rd period - Stopped by Ben Bishop with a rebound.
4:33 of 3rd period - Off-side.
4:34 of 3rd period - Tanner Kero wins face-off versus Derek Ryan in neutral zone.
5:01 of 3rd period - Johnny Oduya is hit by Brad Richardson and loses puck.
7:18 of 3rd period - Slapshot by Drew Doughty.
7:18 of 3rd period - Shot Blocked by Erik Johnson.
7:22 of 3rd period - Slapshot by Drew Doughty.
7:22 of 3rd period - Shot Blocked by Alex Petrovic.
8:10 of 3rd period - Slapshot by Victor Rask.
8:10 of 3rd period - Stopped by Ben Bishop with a rebound.
8:32 of 3rd period - Slapshot by Kevan Miller.
8:32 of 3rd period - Goal by Kevan Miller - Flames : 4 - Canucks : 1.
8:33 of 3rd period - Jeff Carter wins face-off versus Matt Calvert in neutral zone.
8:55 of 3rd period - Icing by Dan Hamhuis.
8:56 of 3rd period - Brandon Sutter wins face-off versus Victor Rask in Canucks zone.
9:03 of 3rd period - Snap shot by Brandon Sutter.
9:03 of 3rd period - Shot Blocked by Brandon Manning.
9:05 of 3rd period - Backhand shot by Pierre-Edouard Bellemare.
9:05 of 3rd period - Stopped by Carey Price with a rebound.
9:09 of 3rd period - Wrist shot by Brandon Sutter.
9:09 of 3rd period - Shot Misses the Net.
9:11 of 3rd period - Wrist shot by Dan Hamhuis.
9:11 of 3rd period - Shot Misses the Net.
9:30 of 3rd period - Slapshot by Kevin Bieksa.
9:30 of 3rd period - Shot Blocked by Brandon Manning.
9:55 of 3rd period - Off-side.
9:56 of 3rd period - Brandon Sutter wins face-off versus Jeff Carter in neutral zone.
9:59 of 3rd period - Jeff Carter is hit by Brandon Sutter and loses puck.
10:20 of 3rd period - Drew Doughty is hit by Gustav Nyquist and loses puck.
10:39 of 3rd period - Wrist shot by Anders Lee.
10:39 of 3rd period - Shot Misses the Net.
10:41 of 3rd period - Snap shot by Michael Frolik.
10:41 of 3rd period - Stopped by Ben Bishop with a rebound.
10:43 of 3rd period - Snap shot by Andrej Sustr.
10:43 of 3rd period - Stopped by Ben Bishop without a rebound.
10:44 of 3rd period - Brandon Sutter wins face-off versus Patrick Sharp in Canucks zone.
10:44 of 3rd period - Brandon Sutter is hit by Drew Doughty.
10:59 of 3rd period - Wrist shot by Patrick Sharp.
10:59 of 3rd period - Shot Hit the Post.
11:09 of 3rd period - Pierre-Edouard Bellemare is hit by Victor Hedman and loses puck.
11:22 of 3rd period - Snap shot by Brandon Sutter.
11:22 of 3rd period - Deflect By Jordan Martinook.
11:22 of 3rd period - Stopped by Carey Price without a rebound.
11:23 of 3rd period - Victor Rask wins face-off versus Matt Calvert in Flames zone.
11:32 of 3rd period - Wrist shot by Patrick Eaves.
11:32 of 3rd period - Shot Misses the Net.
11:34 of 3rd period - Snap shot by Victor Rask.
11:34 of 3rd period - Shot Misses the Net.
11:36 of 3rd period - Slapshot by David Savard.
11:36 of 3rd period - Deflect By Victor Rask.
11:36 of 3rd period - Shot Blocked by Erik Johnson.
11:36 of 3rd period - Puck is out of play.
11:37 of 3rd period - Jeff Carter wins face-off versus Matt Calvert in Canucks zone.
11:38 of 3rd period - Snap shot by Victor Hedman.
11:38 of 3rd period - Shot Misses the Net.
12:02 of 3rd period - Pierre-Edouard Bellemare is hit by Patrick Eaves and loses puck.
12:14 of 3rd period - Slapshot by David Perron.
12:14 of 3rd period - Shot Misses the Net.
12:45 of 3rd period - Wrist shot by Patrick Eaves.
12:45 of 3rd period - Shot Misses the Net.
12:53 of 3rd period - Victor Rask is hit by Jordan Martinook and loses puck.
13:16 of 3rd period - Slapshot by Oscar Klefbom.
13:16 of 3rd period - Stopped by Carey Price with a rebound.
13:33 of 3rd period - Slapshot by Brandon Sutter.
13:33 of 3rd period - Stopped by Carey Price without a rebound.
13:34 of 3rd period - Michael Frolik wins face-off versus Matt Calvert in Flames zone.
13:34 of 3rd period - Michael Frolik is hit by Matt Calvert.
14:09 of 3rd period - Wrist shot by Nick Bjugstad.
14:09 of 3rd period - Stopped by Ben Bishop with a rebound.
14:37 of 3rd period - Ryan Getzlaf is hit by Brandon Manning and loses puck.
14:46 of 3rd period - Anders Lee is hit by Ryan Getzlaf and loses puck.
15:21 of 3rd period - Nick Bjugstad is hit by Derek Ryan and loses puck.
15:32 of 3rd period - Snap shot by Nick Bjugstad.
15:32 of 3rd period - Stopped by Ben Bishop without a rebound.
15:33 of 3rd period - Jeff Carter wins face-off versus Ryan Getzlaf in Canucks zone.
15:34 of 3rd period - Snap shot by Anders Lee.
15:34 of 3rd period - Shot Blocked by Alex Petrovic.
15:40 of 3rd period - Wrist shot by Jeff Carter.
15:40 of 3rd period - Shot Misses the Net.
15:42 of 3rd period - Slapshot by Anders Lee.
15:42 of 3rd period - Stopped by Ben Bishop with a rebound.
15:44 of 3rd period - Wrist shot by Anders Lee.
15:44 of 3rd period - Stopped by Ben Bishop without a rebound.
15:45 of 3rd period - Pierre-Edouard Bellemare wins face-off versus Brad Richardson in Canucks zone.
16:27 of 3rd period - Anders Lee is hit by Johnny Oduya and loses puck.
16:53 of 3rd period - Slapshot by Drew Doughty.
16:53 of 3rd period - Stopped by Ben Bishop with a rebound.
16:55 of 3rd period - Snap shot by Victor Rask.
16:55 of 3rd period - Stopped by Ben Bishop without a rebound.
16:56 of 3rd period - Ryan Getzlaf wins face-off versus Victor Rask in Canucks zone.
16:56 of 3rd period - Ryan Getzlaf is hit by David Savard.
18:25 of 3rd period - Icing by Kevan Miller.
18:26 of 3rd period - Brad Richardson wins face-off versus Brandon Sutter in Flames zone.
18:33 of 3rd period - Snap shot by Brandon Sutter.
18:33 of 3rd period - Stopped by Carey Price with a rebound.
18:39 of 3rd period - Jordan Martinook is hit by Brad Richardson and loses puck.
19:08 of 3rd period - Icing by Thomas Hickey.
19:09 of 3rd period - Brandon Sutter wins face-off versus Jeff Carter in Canucks zone.
19:09 of 3rd period - Brandon Sutter is hit by Jeff Carter.
19:27 of 3rd period - Snap shot by Brandon Sutter.
19:27 of 3rd period - Stopped by Carey Price with a rebound.
19:29 of 3rd period - Slapshot by Thomas Hickey.
19:29 of 3rd period - Stopped by Carey Price with a rebound.
19:31 of 3rd period - Snap shot by Thomas Hickey.
19:31 of 3rd period - Stopped by Carey Price without a rebound.
19:32 of 3rd period - Victor Rask wins face-off versus Matt Calvert in Flames zone.
19:32 of 3rd period - Victor Rask is hit by Matt Calvert.
19:40 of 3rd period - Gustav Nyquist is hit by Patrick Eaves and loses puck.
19:45 of 3rd period - Wrist shot by Patrick Eaves.
19:45 of 3rd period - Stopped by Ben Bishop without a rebound.
19:46 of 3rd period - Matt Calvert wins face-off versus Jeff Carter in Canucks zone.
19:51 of 3rd period - Snap shot by Anders Lee.
19:51 of 3rd period - Shot Misses the Net.
19:53 of 3rd period - Snap shot by Jeff Carter.
19:53 of 3rd period - Deflect By Anders Lee.
19:53 of 3rd period - Shot Misses the Net.
19:53 of 3rd period - Puck is out of play.
19:54 of 3rd period - Jeff Carter wins face-off versus Matt Calvert in Canucks zone.
Goals for this period are 1 for Flames vs 0 for Canucks.
Shots for this period are 14 for Flames vs 8 for Canucks.